 Dungeon Crawl Stone Soup version 0.31-a0-145-g046c7d2549 (webtiles) character file.

Game seed: 18132422204380912228

16063 mopl the Tainter (level 12, -10/93 HPs)
             Began as a Formicid Venom Mage on June 5, 2023.
             Was the Champion of Cheibriados.
             Mangled by a komodo dragon (28 damage)
             ... on level 1 of the Lair of Beasts on June 6, 2023.
             The game lasted 00:22:11 (8826 turns).

mopl the Tainter (Formicid Venom Mage)              Turns: 8826, Time: 00:22:11

Health: -10/93     AC: 10    Str: 30    XL:     12   Next: 65%
Magic:  15/17      EV: 23    Int: 33    God:    Cheibriados [******]
Gold:   619        SH:  0    Dex: 29    Spells: 9/17 levels left

rFire   + . .        a - +5 battleaxe
rCold   . . .        L - orb {*channel}
rNeg    . . .        k - +0 swamp dragon scales
rPois   +            (helmet unavailable)
rElec   .            (no cloak)
rCorr   .            (no gloves)
SInv    +            w - +0 pair of boots
Will    +....        (no amulet)
Stlth   ++           F - ring of protection from fire
HPRegen 0.35/turn    o - +5 ring of evasion
MPRegen 0.15/turn

%: channel magic (20%)
@: very slow
A: permanent stasis, dig shafts and tunnels, antennae 3, four strong arms
a: Dig, Shaft Self, Renounce Religion, Bend Time, Temporal Distortion, Slouch,
Step From Time


You were on level 1 of the Lair of Beasts.
You worshipped Cheibriados.
Cheibriados was exalted by your worship.
You visited 3 branches of the dungeon, and saw 12 of its levels.
You also visited: Bailey.

You collected 889 gold pieces.
You spent 270 gold pieces at shops.

Inventory:

Hand Weapons
 a - a +5 battleaxe (weapon)
 G - a +3 war axe of electrocution
Missiles
 u - 4 boomerangs
 I - 9 poisoned darts
 O - 6 javelins
 S - a throwing net
Armour
 k - +0 swamp dragon scales (worn)
 w - a +0 pair of boots (worn)
 L - an orb of energy (worn)
 U - the +4 skin of Zhor {*Englaciate rC+++ SInv}
   (You found it on level 9 of the Dungeon)

   *Englaciate: It radiates cold, occasionally slowing all nearby creatures who
   are not resistant to cold.
   rC:        It renders you almost immune to cold.
   SInv:      It lets you see invisible.
 Y - a +0 kite shield
Jewellery
 c - a ring of wizardry
 o - a +5 ring of evasion (right hand)
 F - a ring of protection from fire (left hand)
Wands
 g - a wand of roots (14)
 n - a wand of flame (17)
 q - a wand of polymorph (5)
 v - a wand of quicksilver (12)
Scrolls
 e - a scroll of magic mapping
 j - a scroll of silence {!r}
 m - 5 scrolls of fog
 y - a scroll of fear
 A - a scroll of vulnerability
 W - a scroll of brand weapon {unknown}
Potions
 b - a potion of magic
 p - 4 potions of curing
 s - 2 potions of heal wounds
 x - 2 potions of cancellation
 C - 2 potions of enlightenment
 D - a potion of lignification {!q}
 E - 3 potions of might
 T - 2 potions of resistance
 V - a potion of ambrosia
 X - a potion of invisibility


   Skills:
 + Level 8.2 Fighting
 + Level 7.3 Axes
 + Level 7.8 Armour
 + Level 7.0 Dodging
 - Level 2.4 Stealth
 + Level 3.0 Shields
 - Level 3.0 Spellcasting
 - Level 1.1 Transmutations
 + Level 12.2 Poison Magic
 + Level 7.8 Invocations
 + Level 7.2 Evocations


You had 9 spell levels left.
You knew the following spells:

 Your Spells              Type           Power      Damage    Failure   Level
a - Sting                 Tmut/Pois      100%       1d8       3%          1
c - Mephitic Cloud        Conj/Pois/Air  31%        N/A       14%         3
o - Olgreb's Toxic Radia  Pois           72%        N/A       3%          4

Your spell library contained the following spells:

 Spells                   Type           Power      Damage    Failure   Level
 Poisonous Vapours        Pois/Air       90%        N/A       5%          2
 Spider Form              Tmut/Pois      49%        N/A       7%          3
 Beastly Appendage        Tmut           24%        N/A       14%         1
 Kiss of Death            Conj/Necr      16%        2d6       21%         1
 Necrotise                Necr           16%        1d4       21%         1
 Wereblood                Tmut           12%        N/A       21%         2
 Confusing Touch          Hex            4%         N/A       45%         3
 Petrify                  Tmut/Erth      8%         N/A       75%         4
 Dispel Undead            Necr           4%         3d7       80%         4
 Sticky Flame             Conj/Fire      4%         2d3       80%         4
 Freezing Cloud           Conj/Ice/Air   2%         6-21      98%         5
 Death Channel            Necr           2%         N/A       100%        6
 Haunt                    Necr/Summ      2%         N/A       100%        7
 Swiftness                Air            Unusable   N/A       N/A         3

Dungeon Overview and Level Annotations

Branches:
Dungeon (10/15)            Temple (1/1) D:4            Lair (1/5) D:9
 Bailey (visited)
    Orc: D:9-12

Altars:
Cheibriados
Dithmenos
Elyvilon
Hepliaklqana
Kikubaaqudgha
Makhleb
Okawaru
Ru
Sif Muna
Trog
Uskayaw
Wu Jian
Xom
Yredelemnul
Zin
The Shining One

Shops:
D:6 !

Annotations:
Lair:1 1 transporter


Innate Abilities, Weirdness & Mutations

You cannot be hasted, slowed, berserked, paralysed or teleported.
You can dig through walls and to a lower floor.
You have a pair of large antennae on your head. (SInv)
Your four strong arms can wield two-handed weapons with a shield.


Message History

Cheibriados thoroughly appreciates the change of pace.
You hit the komodo dragon but do no damage.
The komodo dragon looks even sicker.
The komodo dragon misses you.
Your Dodging skill increases to level 7!
Your Shields skill increases to level 3!
You closely miss the komodo dragon.
The komodo dragon is lightly wounded.
The komodo dragon looks even sicker.
Your toxic aura wanes.
The komodo dragon bites you.
Unknown command.
You hit the komodo dragon but do no damage.
The komodo dragon is moderately wounded.
The komodo dragon barely misses you. The komodo dragon bites you!
You closely miss the komodo dragon.
The komodo dragon is moderately wounded.
The komodo dragon barely misses you.
You hit the komodo dragon.
The komodo dragon is moderately wounded.
The komodo dragon bites you but does no damage.
You barely miss the komodo dragon.
The komodo dragon is heavily wounded.
The komodo dragon bites you!! The komodo dragon bites you.
You are too injured to fight recklessly!
You are too injured to fight recklessly!
You barely miss the komodo dragon.
The komodo dragon is heavily wounded.
The komodo dragon misses you.
You hit the komodo dragon.
The komodo dragon is severely wounded.
The komodo dragon bites you!!
* * * LOW HITPOINT WARNING * * *
The komodo dragon completely misses you.
Aiming: Fastroot
Press: ? - help, Shift-Dir - straight line The roots erupt in riotous growth!
Roots grab the komodo dragon.
The grasping roots constrict the komodo dragon!
The komodo dragon bites you!!
You die...

..............................##.
..............................#..
..............................##.
..............................# .
......................#########
......................#
#...#....#............#
#....†................#
..^.............@.....#
................†l.....#
..........©...........##
#....##########.).....# ##..##
..°...#.......# ....#
......##......# .#..# ©#..
.......# ......# #......# ....P##


You could see a komodo dragon (very poisoned, rooted).

Vanquished Creatures
  3 two-headed ogres
  2 elephants (Lair:1)
  2 black mambas (Lair:1)
  Joseph (Lair:1)
  2 cane toads (Lair:1)
  A gargoyle (Bailey)
  Psyche (D:8)
  Maggie (D:8)
  A komodo dragon (Lair:1)
  3 unseen horror zombies (D:9)
  2 trolls (D:10)
  Prince Ribbit (D:7)
  Grinder (D:3)
  3 blink frogs (Lair:1)
  Sigmund (D:2)
  A vampire (Bailey)
  9 yaks
  A wyvern (Lair:1)
  Eustachio (D:4)
  5 steam dragons
  An acid dragon (D:9)
  2 water moccasins
  3 black bears
  2 ice beasts (D:8)
  5 orc warriors
  3 sky beasts
  2 centaurs
  3 ogres (D:6)
  A kobold brigand (D:8)
  7 bullfrogs
  3 scorpions
  21 wights
  6 killer bees (D:8)
  5 vampire bats (Bailey)
  5 howler monkeys
  5 wolf zombies (Bailey)
  3 centaur zombies (D:9)
  6 hounds
  3 orc priests
  2 jellies
  Jessica (D:3)
  2 iguanas
  10 orc wizards
  2 killer bee zombies (D:9)
  A howler monkey zombie (D:9)
  6 gnolls
  12 adders
  A shadow imp (D:4)
  3 white imps
  4 ufetubi
  2 worms (D:4)
  4 dart slugs
  53 orcs
  9 ball pythons
  3 bats
  9 endoplasms
  2 giant cockroaches
  13 goblins
  6 hobgoblins
  3 quokkas
  2 frilled lizards (D:2)
  11 kobolds
  17 orc zombies (Bailey)
  7 rats
313 creatures vanquished.

Vanquished Creatures (others)
  An elephant (Lair:1)
  A human (D:7)
  A centaur (D:9)
3 creatures vanquished.

Grand Total: 316 creatures vanquished

Notes
Turn   | Place    | Note
-------+----------+-------------------------------------------
     0 | D:1      | mopl the Formicid Venom Mage began the quest for the Orb.
     0 | D:1      | Reached XP level 1. HP: 13/13 MP: 3/3
   284 | D:1      | Reached XP level 2. HP: 13/19 MP: 1/5
   751 | D:2      | Reached XP level 3. HP: 23/24 MP: 0/7
   847 | D:2      | Noticed Sigmund
   865 | D:2      | HP: 1/24 [Sigmund/magic dart (9)]
   866 | D:2      | Killed Sigmund
   867 | D:2      | Reached skill level 3 in Spellcasting
   867 | D:2      | Reached skill level 7 in Poison Magic
   867 | D:2      | Reached XP level 4. HP: 2/30 MP: 2/8
   867 | D:2      | Reached XP level 5. HP: 2/35 MP: 2/9
  1002 | D:2      | Learned a level 4 spell: Olgreb's Toxic Radiance
  1006 | D:2      | Learned a level 3 spell: Mephitic Cloud
  1054 | D:2      | Reached XP level 6. HP: 40/41 MP: 6/10
  1585 | D:3      | Noticed Jessica
  1591 | D:3      | Killed Jessica
  1592 | D:3      | Reached skill level 2 in Dodging
  1702 | D:3      | Reached skill level 1 in Fighting
  1702 | D:3      | Reached skill level 1 in Armour
  1702 | D:3      | Reached skill level 8 in Poison Magic
  1859 | D:3      | Reached XP level 7. HP: 45/48 MP: 6/11
  1948 | D:3      | Reached skill level 1 in Axes
  1953 | D:3      | HP: 2/49 [poisoned by an orc]
  2237 | D:3      | Noticed Grinder
  2251 | D:3      | Killed Grinder
  2252 | D:3      | Reached skill level 2 in Fighting
  2252 | D:3      | Reached skill level 2 in Armour
  2482 | D:4      | Reached skill level 3 in Dodging
  2494 | D:4      | Reached skill level 2 in Axes
  2494 | D:4      | Reached XP level 8. HP: 50/57 MP: 7/12
  2501 | D:4      | Found a staircase to the Ecumenical Temple.
  2517 | Temple   | Entered the Ecumenical Temple
  2678 | Temple   | Became a worshipper of Cheibriados the Contemplative
  2843 | D:4      | Noticed Eustachio
  2855 | D:4      | Killed Eustachio
  2856 | D:4      | Reached skill level 3 in Fighting
  2856 | D:4      | Reached skill level 3 in Armour
  2856 | D:4      | Reached skill level 1 in Invocations
  2856 | D:4      | Reached skill level 1 in Evocations
  3020 | D:4      | Found an iron altar of Okawaru.
  3020 | D:4      | Reached * piety under Cheibriados
  3298 | D:5      | Entered Level 5 of the Dungeon
  3346 | D:5      | Reached skill level 9 in Poison Magic
  3412 | D:5      | Reached ** piety under Cheibriados
  3460 | D:5      | Reached skill level 3 in Axes
  3505 | D:5      | Reached skill level 2 in Invocations
  3655 | D:5      | Reached skill level 2 in Evocations
  3810 | D:5      | Found a burning altar of Makhleb.
  3857 | D:6      | Reached XP level 9. HP: 65/65 MP: 8/13
  3898 | D:6      | Reached skill level 4 in Fighting
  3898 | D:6      | Reached skill level 4 in Armour
  3930 | D:6      | Reached skill level 4 in Dodging
  3937 | D:6      | Reached skill level 3 in Invocations
  4106 | D:6      | Reached skill level 3 in Evocations
  4207 | D:6      | Reached *** piety under Cheibriados
  4387 | D:6      | Found Kyaruc's Distillery.
  4390 | D:6      | Bought a potion of degeneration for 15 gold pieces
  4391 | D:6      | Bought a potion of enlightenment for 75 gold pieces
  4391 | D:6      | Bought a potion of might for 60 gold pieces
  4391 | D:6      | Bought a potion of berserk rage for 75 gold pieces
  4391 | D:6      | Bought a potion of curing for 45 gold pieces
  4529 | D:6      | Found a hide-covered altar of Uskayaw.
  4530 | D:6      | Found a shimmering blue altar of Sif Muna.
  4532 | D:6      | Found a basalt altar of Yredelemnul.
  4542 | D:6      | Reached skill level 4 in Axes
  4851 | D:7      | Noticed Prince Ribbit
  4854 | D:7      | Killed Prince Ribbit
  4855 | D:7      | Reached skill level 5 in Fighting
  4855 | D:7      | Reached skill level 4 in Invocations
  4855 | D:7      | Reached XP level 10. HP: 28/74 MP: 9/14
  5039 | D:7      | Reached skill level 10 in Poison Magic
  5097 | D:7      | Found an ancient bone altar of Kikubaaqudgha.
  5108 | D:7      | Reached skill level 5 in Armour
  5149 | D:7      | Reached **** piety under Cheibriados
  5150 | D:7      | Reached skill level 4 in Evocations
  5366 | D:7      | Reached skill level 5 in Dodging
  5585 | D:7      | Reached skill level 5 in Axes
  5909 | D:8      | Found a glowing silver altar of Zin.
  5956 | D:8      | Reached skill level 5 in Invocations
  6010 | D:8      | Reached ***** piety under Cheibriados
  6044 | D:8      | Noticed Psyche
  6053 | D:8      | Killed Psyche
  6054 | D:8      | Reached skill level 6 in Fighting
  6074 | D:8      | Noticed Maggie
  6083 | D:8      | Killed Maggie
  6084 | D:8      | Reached skill level 5 in Evocations
  6172 | D:8      | Reached skill level 6 in Armour
  6198 | D:8      | Reached XP level 11. HP: 76/81 MP: 15/15
  6505 | D:9      | Noticed a two-headed ogre
  6512 | D:9      | Killed a two-headed ogre
  6520 | D:9      | Found the +4 skin of Zhor {*Englaciate rC+++ SInv}
  6543 | D:9      | Found a staircase to the Lair.
  6565 | D:9      | Reached skill level 11 in Poison Magic
  6570 | D:9      | Reached skill level 6 in Invocations
  6572 | D:9      | Reached skill level 6 in Axes
  6663 | D:9      | Found a flagged portal.
  6671 | Bailey   | Entered a bailey
  6838 | Bailey   | Reached skill level 6 in Dodging
  6857 | Bailey   | Reached ****** piety under Cheibriados
  6890 | Bailey   | Got Urexacuhaunk's Compilation of Calefaction and Ectoplasm
  6917 | Bailey   | Reached skill level 7 in Fighting
  6955 | Bailey   | Reached skill level 6 in Evocations
  6966 | Bailey   | Got Offer's Meditations on Volcanic Air
  7397 | D:9      | Noticed a two-headed ogre
  7403 | D:9      | Killed a two-headed ogre
  7404 | D:9      | Reached skill level 7 in Armour
  7548 | D:10     | Entered Level 10 of the Dungeon
  7634 | D:10     | Reached skill level 7 in Invocations
  7643 | D:10     | Reached XP level 12. HP: 17/91 MP: 6/17
  7909 | D:10     | Noticed a two-headed ogre
  7917 | D:10     | Killed a two-headed ogre
  8236 | Lair:1   | Entered Level 1 of the Lair of Beasts
  8236 | Lair:1   | Noticed Joseph
  8240 | Lair:1   | Reached skill level 1 in Shields
  8245 | Lair:1   | Reached skill level 7 in Axes
  8246 | Lair:1   | Reached skill level 12 in Poison Magic
  8246 | Lair:1   | Killed Joseph
  8247 | Lair:1   | Reached skill level 2 in Shields
  8423 | Lair:1   | Reached skill level 8 in Fighting
  8423 | Lair:1   | Reached skill level 7 in Evocations
  8450 | Lair:1   | Found a transporter.
  8819 | Lair:1   | Reached skill level 7 in Dodging
  8819 | Lair:1   | Reached skill level 3 in Shields
  8826 | Lair:1   | Mangled by a komodo dragon

Illustrated notes

Levels and vault maps discovered:
D:1:      scummos_arrival_checkerplants, layout_loops_ring
D:2:      layout_rooms, uniq_sigmund
D:3:      layout_loops_ring, cheibrodos_gnoll_hut, uniq_jessica, uniq_grinder
D:4:      layout_basic, okawaru_altar_gauntlet_db, minmay_temple_entry_grid,
          serial_bayou_pond_d, minmay_joined_circles, uniq_eustachio
D:5:      layout_basic, bloody_makhleb, hangedman_abyss_or_decor_lesser_grid
D:6:      layout_loops_ring, chequers_temple_overflow_statue_of_worship,
          serial_shops, kennysheep_mini, nicolae_figureground_pulse
D:7:      layout_basic, tgw_kikubaaqudgha, uniq_prince_ribbit1
D:8:      layout_rooms, nicolae_overflow_hidden_temple, serial_curves,
          eino_curves_01, eino_curves_01, kennysheep_crisscross, uniq_psyche,
          uniq_maggie
D:9:      layout_basic, dpeg_oklobed_lair, enter_bailey_3, serial_undead,
          serial_undead_a, serial_undead_e, serial_undead_e, serial_undead_d,
          hellmonk_guarded_unrand_zhor
D:10:     layout_basic
Temple:   minmay_temple_curvy_branch
Lair:1:   gammafunk_cloud_chamber, layout_gridlike,
          chequers_serial_rivers_marsh, uniq_joseph

Skill      XL: |  1  2  3  4  5  6  7  8  9 10 11 12 |
---------------+-------------------------------------+-----
Spellcasting   | 3 |  3.0
Poison Magic   | 7 8 9 10 11 12 | 12.2
Dodging        | 2 3 4 5 6 7 |  7.0
Fighting       | 1 2 3 5 6 7 8 |  8.2
Armour         | 1 2 3 4 6 7 |  7.8
Axes           | 2 3 4 5 6 7 |  7.3
Invocations    | 2 4 5 7 |  7.8
Evocations     | 2 3 5 6 7 |  7.2
Shields        | 3 |  3.0
Stealth        | |  2.4
Transmutations | |  1.1

Action                     |  1- 3 |  4- 6 |  7- 9 | 10-12 || total
---------------------------+-------+-------+-------+-------++-------
  Melee: Spear             |    23 |     7 |       |       ||    30
         Unarmed           |     4 |       |       |       ||     4
         Battleaxe         |       |     6 |   178 |   335 ||   519
         Punch             |       |       |     3 |       ||     3
   Cast: Sting             |    41 |    32 |     1 |       ||    74
         Olgreb's Toxic Ra |       |     2 |    25 |    39 ||    66
 Invoke: Slouch            |       |       |       |     2 ||     2
Ability: Dig               |       |       |       |     1 ||     1
  Evoke: Wand              |       |     6 |     4 |    11 ||    21
    Use: Scroll            |       |       |     6 |    12 ||    18
   Stab: Sleeping          |       |     1 |     1 |     3 ||     5
 Armour: Robe              |     8 |       |       |       ||     8
         Ring mail         |       |     8 |    48 |    46 ||   102
         Steam dragon scal |       |       |       |     9 ||     9
         Skin              |       |       |       |     5 ||     5
         Chain mail        |       |       |       |    27 ||    27
         Swamp dragon scal |       |       |       |    13 ||    13
  Dodge: Dodged            |    27 |    12 |   184 |   526 ||   749

Table legend: (Time is in decaauts)
 A = Elapsed time spent in this place.
 B = Non-inter-level travel time spent in this place.
 C = Inter-level travel time spent in this place.
 D = Time resting spent in this place.
 E = Time spent auto-exploring this place.
 F = Levels seen in this place.
 G = Mean time per level.
                   A        B        C        D        E       F      G
               +--------+--------+--------+--------+--------+-----+--------+
         Total |  12119 |  11564 |    555 |   1687 |   6754 |  13 |  932.2 |
       Dungeon |  10487 |   9961 |    526 |   1403 |   6185 |  10 | 1048.7 |
        Temple |    189 |    161 |     28 |      0 |    152 |   1 |  189.0 |
          Lair |    817 |    817 |      0 |    284 |    385 |   1 |  817.0 |
        Bailey |    624 |    624 |      0 |      0 |     31 |   1 |  624.0 |
               +--------+--------+--------+--------+--------+-----+--------+

Top non-repeatable levels by time:
     D:7: 1691 daAuts
     D:9: 1274 daAuts
     D:6: 1233 daAuts
    D:10: 1077 daAuts
     D:8: 1037 daAuts
     D:3: 1015 daAuts
     D:4: 875 daAuts
     D:5: 873 daAuts
  Lair:1: 817 daAuts
     D:1: 743 daAuts
     D:2: 666 daAuts
  Bailey: 624 daAuts
  Temple: 189 daAuts
